 Dungeon Crawl Stone Soup version 0.22.1-6-g1668fe2 (webtiles) character file.

140 Fliddo the Grasshopper (level 5, 0/42 HPs)
             Began as a Centaur Warper on Jan 21, 2019.
             Slain by a river rat (4 damage)
             ... in a sewer.
             The game lasted 00:15:58 (2978 turns).

Fliddo the Grasshopper (Centaur Warper)             Turns: 2978, Time: 00:15:58

Health: 0/42       AC:  6    Str: 15    XL:     5   Next: 2%
Magic:  8/8        EV:  7    Int: 12    God:
Gold:   134        SH:  4    Dex:  8    Spells: 3/8 levels left

rFire    . . .     SeeInvis .   a - +0 hand axe
rCold    . . .     Gourm    .   (no shield)
rNeg     . . .     Faith    .   l - +0 scale mail
rPois    .         Spirit   .   (no helmet)
rElec    .         Reflect  .   c - scarf {cloud immunity}
rCorr    .         Harm     .   (no gloves)
MR       .....                  (no barding)
Stlth    ..........             (no amulet)
HPRegen  0.14/turn              (no ring)
MPRegen  0.11/turn              (no ring)

@: very quick
A: large, fangs 1, hooves 3, large bone plates 1, deformed body, speed 2, tough
skin 3
a: no special abilities


You were in a sewer.
You were not hungry.

You visited 1 branch of the dungeon, and saw 3 of its levels.
You also visited: Sewer.

You collected 134 gold pieces.

Inventory:

Hand Weapons
 a - a +0 hand axe (weapon)
Missiles
 e - 5 tomahawks of dispersal (quivered)
Armour
 c - a scarf of cloud immunity (worn)
 l - a +0 scale mail (worn)
Scrolls
 b - a scroll of immolation {unknown}
 d - 3 scrolls of blinking
 g - a scroll of fear {unknown}
 k - a scroll of random uselessness {unknown}
 m - a scroll of enchant armour {unknown}
 p - 2 scrolls of identify {unknown}
 s - 2 scrolls of amnesia {unknown}
 t - a scroll of enchant weapon {unknown}
 u - a scroll of remove curse {unknown}
 v - 2 scrolls of teleportation {unknown}
Potions
 i - a potion of resistance {unknown}
 n - a potion of might
 o - a potion of berserk rage {unknown}
 q - a potion of brilliance {unknown}
 r - a potion of curing {unknown}
 w - a potion of lignification {unknown}
Comestibles
 f - 8 rations
 h - 5 chunks of flesh


   Skills:
 + Level 2.7 Fighting
 + Level 2.5 Axes
 - Level 1.6 Throwing
 + Level 1.5 Armour
 + Level 2.0 Dodging
 + Level 2.1 Spellcasting
 + Level 3.0 Translocations


You had 3 spell levels left.
You knew the following spells:

 Your Spells              Type           Power        Failure   Level  Hunger
a - Blink                 Tloc           N/A          43%         2    ###....
b - Teleport Other        Tloc           #.......     67%         3    ####...

Your spell library contained the following spells:

 Spells                   Type           Power        Failure   Level  Hunger
 Shroud of Golubria       Chrm/Tloc      #.........   65%         2    ###....
 Gell's Gravitas          Tloc           #.........   67%         3    ####...
 Lesser Beckoning         Tloc           #.........   67%         3    ####...
 Passage of Golubria      Tloc           N/A          97%         4    #####..


Dungeon Overview and Level Annotations

Branches:
Dungeon (3/15)

Altars:


Innate Abilities, Weirdness & Mutations

You have hooves in place of feet.
Armour fits poorly on your strangely shaped body.
You cover ground very quickly.
You have extremely tough skin. (AC +3)
You have very sharp teeth.
You are partially covered in large bone plates. (SH +4)


Message History

You hit the river rat. Your kick misses the river rat.
Your bite misses the river rat.
The river rat is moderately wounded.
The river rat bites you.
The river rat bites you but does no damage.
You hit the river rat.
The river rat is severely wounded.
The river rat bites you!
You closely miss the river rat.
The river rat is severely wounded.
The river rat bites you.
* * * LOW HITPOINT WARNING * * *
You barely miss the river rat.
The river rat is severely wounded.
The river rat bites you!
* * * LOW HITPOINT WARNING * * *
You hit the river rat. Your kick misses the river rat.
The river rat is severely wounded.
The river rat bites you.
You die...

. #### ##.. #..
....≈ #†##≈≈≈≈≈ ####
#@#≈≈≈#
#..#############≈r≈#
..≈..≈≈≈≈≈≈≈≈≈≈≈≈≈≈#
≈≈≈≈≈≈≈≈≈≈##########
#############
.....÷≈≈≈≈∩∩#
######.≈≈≈### ##.≈##
####


You could see a river rat.

Vanquished Creatures
  Terence (D:3)
  3 adders
  A worm (D:2)
  3 dart slugs
  4 leopard geckos
  3 ball pythons
  2 giant cockroaches (D:3)
  9 goblins
  6 hobgoblins
  2 jackals (D:1)
  13 kobolds
  11 bats
  6 frilled lizards
  16 rats
80 creatures vanquished.

Notes
Turn   | Place    | Note
-------+----------+-------------------------------------------
     0 | D:1      | Fliddo the Centaur Warper began the quest for the Orb.
     0 | D:1      | Reached XP level 1. HP: 17/17 MP: 3/3
   364 | D:1      | Reached XP level 2. HP: 16/24 MP: 4/4
   810 | D:1      | Reached skill level 1 in Armour
   877 | D:1      | Reached XP level 3. HP: 25/29 MP: 5/5
  1487 | D:2      | Learned a level 2 spell: Blink
  1915 | D:2      | Reached XP level 4. HP: 6/37 MP: 7/7
  1917 | D:2      | Gained mutation: You have very sharp teeth. [potion of
                  | mutation]
  1917 | D:2      | Gained mutation: You are partially covered in large bone
                  | plates. (SH +4) [potion of mutation]
  2237 | D:3      | Learned a level 3 spell: Teleport Other
  2306 | D:3      | Noticed Terence
  2316 | D:3      | Killed Terence
  2571 | D:3      | Found a glowing drain.
  2681 | Sewer    | Entered a sewer
  2892 | Sewer    | Reached skill level 3 in Translocations
  2911 | Sewer    | Reached XP level 5. HP: 42/42 MP: 8/8
  2978 | Sewer    | Slain by a river rat

Skill      XL: |  1  2  3  4 |
---------------+-------------+-----
Axes           | 2 |  2.5
Armour         | 1 |  1.5
Spellcasting   | 2 |  2.1
Dodging        | 2 |  2.0
Translocations | 3 |  3.0
Fighting       | |  2.7
Throwing       | |  1.6

Action                   |  1- 3 |  4- 6 || total
-------------------------+-------+-------++-------
Melee: Hand axe          |   157 |    87 ||   244
       Kick              |    19 |    15 ||    34
       Bite              |       |     5 ||     5
  Use: Potion            |       |     3 ||     3
  Eat: Chunk             |     2 |     4 ||     6
Armor: Leather armour    |    22 |       ||    22
       Scale mail        |    51 |    34 ||    85
Dodge: Dodged            |    55 |    26 ||    81
Block: Other             |       |    11 ||    11
